 Dungeon Crawl Stone Soup version 0.28-a0-750-g7c675f85b1 (webtiles) character file.

Game seed: 18040995705193545235

9 ytrimaz the Chopper (level 2, 22/22 HPs)
             Began as a Demonspawn Gladiator on Oct 29, 2021.
             Quit the game on level 1 of the Dungeon.
             The game lasted 00:00:22 (528 turns).

ytrimaz the Chopper (Demonspawn Gladiator)           Turns: 528, Time: 00:00:22

Health: 22/22      AC:  4    Str: 14    XL:     2   Next: 3%
Magic:  2/2        EV: 12    Int:  9    God:
Gold:   0          SH:  0    Dex: 14    Spells: 1/1 levels left

rFire   . . .      SeeInvis .   a - +0 war axe
rCold   . . .      Faith    .   (no shield)
rNeg    . . .      Spirit   .   b - +0 leather armour
rPois   .          Reflect  .   c - +0 helmet
rElec   .          Harm     .   (no cloak)
rCorr   .          Rampage  .   (no gloves)
Will    .....                   (no boots)
Stlth   +.........              (no amulet)
HPRegen 0.07/turn               (no ring)
MPRegen 0.16/turn               (no ring)

@: no status effects
A: magic regeneration
a: no special abilities


You were on level 1 of the Dungeon.
You visited 1 branch of the dungeon, and saw 1 of its levels.

Inventory:

Hand Weapons
 a - a +0 war axe (weapon)
Missiles
 d - 3 throwing nets (quivered)
Armour
 b - a +0 leather armour (worn)
 c - a +0 helmet (worn)
Scrolls
 f - a scroll of enchant weapon {unknown}
 g - a scroll of vulnerability {unknown}
Potions
 e - a potion of magic {unknown}


   Skills:
 + Level 2.1 Fighting
 + Level 3.0 Axes
 - Level 1.7 Throwing
 + Level 2.9 Dodging


You had one spell level left.
You didn't know any spells.
Your spell library contained the following spells:

 Spells                   Type           Power      Damage    Failure   Level
 Foxfire                  Conj/Fire      0%         2x1d4     45%         1
 Conjure Flame            Conj/Fire      0%         6-21      83%         3
 Inner Flame              Hex/Fire       0%         N/A       83%         3
 Flame Wave               Conj/Fire      0%         3d3       99%         4


Dungeon Overview and Level Annotations

Branches:
Dungeon (1/15)

Altars:


Innate Abilities, Weirdness & Mutations

You regenerate magic rapidly.


Message History

The ball python constricts you. The ball python barely misses you.
The ball python constricts you.
You slash the ball python!
You kill the ball python!
The quokka misses you.
You slash the quokka!
You kill the quokka!
You hit the dart slug. The dart slug launches a dart at you.
The slug dart hits you. The dart slug launches a dart at you.
The slug dart hits you.
You are too injured to fight recklessly!
You are too injured to fight recklessly!
You are too injured to fight recklessly!
You are too injured to fight recklessly!
The dart slug bites you.
The dart slug bites you but does no damage.
You see here a quokka corpse.
You hit the dart slug.
The dart slug is almost dead.
You slash the dart slug! The dart slug launches a dart at you.
The slug dart hits you but does no damage.
The dart slug barely misses you.
You hit the dart slug.
You kill the dart slug!
You hit the dart slug.
You kill the dart slug!
Your Axes skill increases to level 3!
You have reached level 2!
Your demonic ancestry asserts itself...
Your magic begins to regenerate rapidly.
g - a scroll labelled GETYCL POFUMER Key pressed, stopping explore.
Found a hunting sling.
Found a faded altar of an unknown god.
You see here a dart slug corpse.
Found a club.
Are you sure you want to abandon this character and quit the game? (Confirm with "yes".)

######
#....#
#....#####
#......@.#
##.#####.#
#.# ..#
#.# #.#
#.# .? #.#
..# #.# )#
#.### .#
#...#


There were no monsters in sight!

Vanquished Creatures
  2 dart slugs (D:1)
  A quokka (D:1)
  A ball python (D:1)
  A bat (D:1)
  A kobold (D:1)
6 creatures vanquished.

Notes
Turn   | Place    | Note
-------+----------+-------------------------------------------
     0 | D:1      | ytrimaz the Demonspawn Gladiator began the quest for the
                  | Orb.
     0 | D:1      | Reached XP level 1. HP: 16/16 MP: 1/1
   297 | D:1      | Reached skill level 3 in Axes
   297 | D:1      | Gained mutation: You regenerate magic rapidly. [demonic
                  | ancestry]
   297 | D:1      | Reached XP level 2. HP: 9/22 MP: 2/2
   478 | D:1      | Found a faded altar of an unknown god.
   528 | D:1      | Quit the game

Illustrated notes

Levels and vault maps discovered:
D:1:      dpeg_arrival_round_c, layout_rooms,
          hellmonk_ecumenical_altar_crossroads

Skill      XL: |  1 |
---------------+----+-----
Axes           | 3 |  3.0
Fighting       | |  2.1
Throwing       | |  1.7
Dodging        | |  2.9

Action                   || total
-------------------------++-------
Melee: War axe           ||    14
Armor: Leather armour    ||    11
Dodge: Dodged            ||    13

Table legend: (Time is in decaauts)
 A = Elapsed time spent in this place.
 B = Non-inter-level travel time spent in this place.
 C = Inter-level travel time spent in this place.
 D = Time resting spent in this place.
 E = Time spent auto-exploring this place.
 F = Levels seen in this place.
 G = Mean time per level.
                   A        B        C        D        E       F      G
               +--------+--------+--------+--------+--------+-----+--------+
         Total |    533 |    533 |      0 |      0 |    484 |   1 |  533.0 |
       Dungeon |    533 |    533 |      0 |      0 |    484 |   1 |  533.0 |
               +--------+--------+--------+--------+--------+-----+--------+

Top non-repeatable levels by time:
     D:1: 533 daAuts
